 Dungeon Crawl Stone Soup version 0.29-a0-823-gc37b1572da (webtiles) character file.

Game seed: 6547734313658504659

687268 blackman the Evocator (level 27, -24/228 HPs)
             Began as a Djinni Fire Elementalist on July 8, 2022.
             Was the Champion of Ashenzari.
             Killed from afar by a hellion (32 damage)
             ... with damnation
             ... on level 7 of Gehenna on July 9, 2022.
             The game lasted 07:04:43 (100601 turns).

blackman the Evocator (Djinni Fire Elementalist)  Turns: 100601, Time: 07:04:44

Health: -24/228    AC: 13    Str: 10    XL:     27
Gold:   4340       EV: 30    Int: 41    God:    Ashenzari [******] SH: 14 Dex: 18

rFire   + + +      SeeInvis +   F - staff of cold (curse) {Cun, Evo}
rCold   + . .      Faith    .   A - +0 buckler "Cursed Rationality" {+Blink Will++ Str+3 Int+4, Self, Cun} (curse)
rNeg    . . .      Spirit   .   K - +1 robe of Vines {NoPotionHeal Regen++++, Self, Fort} (curse)
rPois   ∞          Reflect  +   r - +0 helmet of Ashenzari's Stickiness {Evo, Self} (curse)
rElec   .          Harm     .   E - scarf of the Fated Yoke {rC+ rF+, Evo, Self} (curse)
rCorr   .          Rampage  .   e - +2 pair of gloves of the Shackled God {Stlth+, Cun, Self} (curse)
Will    +++++      Clarity  +   (boots unavailable)
Stlth   +++++++++.              a - amulet of Ashenzari's Planets {Reflect SH+5, Self, Fort} (curse)
HPRegen 3.68/turn               X - ring "Doubts of Ashenzari" {Will+ AC+4 Int+2 Dex+2 Stlth+, Cun, Self} (curse)
MPRegen 0.00/turn               y - ring "Eternal Together" {Int+6, Cun, Self} (curse)

@: swift, on vortex cooldown, flying, unable to read, very quick
A: sickness immunity, fire resistance 2, cold vulnerability 1, float, innate
caster, HP casting, extra vitality 1, passive freeze, screaming 1
}: 4/15 runes: decaying, slimy, silver, gossamer
a: Renounce Religion, Evoke Blink, Shatter the Chains


You were on level 7 of Gehenna.
You worshipped Ashenzari.
Ashenzari was exalted by your worship.
You visited 14 branches of the dungeon, and saw 63 of its levels.
You also visited: Sewer and Gauntlet.

You collected 6766 gold pieces.
You spent 2426 gold pieces at shops.

Inventory:

Hand Weapons
 j - the +8 arc blade {discharge, rElec}
   (You took it off a deep elf demonologist on level 3 of the Elven Halls)

   It occasionally unleashes powerful arcs of lightning upon striking a foe.
   These may arc to other adjacent creatures (including the wielder, but dealing
   reduced damage to them) before grounding out.
   rElec:     It insulates you from electricity.
 Y - a +4 sacred scourge of holy wrath
Missiles
 b - 4 throwing nets
 P - 5 curare-tipped darts
Armour
 e - the cursed +2 pair of gloves of the Shackled God (worn) {Stlth+, Cun, Self}
   (You found it in a Gauntlet)

   It has a curse which improves the following skills: Cunning: Dodging and
   Stealth.
   Introspection: Fighting and Spellcasting.
 r - the cursed +0 helmet of Ashenzari's Stickiness (worn) {Evo, Self}
   (You found it on level 8 of the Dungeon)

   It has a curse which improves the following skills: Evocations: Evocations.
   Introspection: Fighting and Spellcasting.
 A - the cursed +0 buckler "Cursed Rationality" (worn) {+Blink Will++ Str+3 Int+4, Self, Cun}
   (You took it off a deep elf demonologist on level 3 of the Elven Halls)

   Str:       It affects your strength (+3).
   Int:       It affects your intelligence (+4).
   +Blink:    It lets you blink.
   Will:      It greatly increases your willpower.
   It has a curse which improves the following skills: Introspection: Fighting
   and Spellcasting.
   Cunning:   Dodging and Stealth.
 E - the cursed scarf of the Fated Yoke (worn) {rC+ rF+, Evo, Self}
   (You found it on level 4 of the Spider Nest)

   It has a curse which improves the following skills: Evocations: Evocations.
   Introspection: Fighting and Spellcasting.
 K - the cursed +1 robe of Vines (worn) {NoPotionHeal Regen++++, Self, Fort}
   (You found it on level 3 of the Lair of Beasts)

   Its wearer cannot be healed by potions.
   Regen:     It increases your rate of health regeneration.
   It has a curse which improves the following skills: Introspection: Fighting
   and Spellcasting.
   Fortitude: Armour and Shields.
Magical Staves
 n - a staff of earth
 F - a cursed staff of cold (weapon) {Cun, Evo}
Jewellery
 a - the cursed amulet of Ashenzari's Planets (around neck) {Reflect SH+5, Self, Fort}
   (You found it on level 5 of the Lair of Beasts)

   [amulet of reflection]

   It reflects blocked missile attacks.
   SH:        It affects your SH (+5).
   It has a curse which improves the following skills: Introspection: Fighting
   and Spellcasting.
   Fortitude: Armour and Shields.
 d - an amulet of regeneration
 g - a ring of fire
 y - the cursed ring "Eternal Together" (right hand) {Int+6, Cun, Self}
   (You found it on level 4 of the Dungeon)

   [ring of intelligence]

   Int:       It affects your intelligence (+6).
   It has a curse which improves the following skills: Cunning: Dodging and
   Stealth.
   Introspection: Fighting and Spellcasting.
 D - a ring of fire
 X - the cursed ring "Doubts of Ashenzari" (left hand) {Will+ AC+4 Int+2 Dex+2 Stlth+, Cun, Self}
   (You took it off a tengu reaver on level 4 of the Vaults)

   [ring of protection]

   AC:        It affects your AC (+4).
   Int:       It affects your intelligence (+2).
   Dex:       It affects your dexterity (+2).
   Will:      It increases your willpower.
   Stlth:     It makes you more stealthy.
   It has a curse which improves the following skills: Cunning: Dodging and
   Stealth.
   Introspection: Fighting and Spellcasting.
Wands
 k - a wand of polymorph (17)
 v - a wand of light (16)
 x - a wand of digging (14)
 H - a wand of iceblast (34)
 O - a wand of paralysis (56)
Scrolls
 c - 7 scrolls of immolation
 f - 8 scrolls of enchant weapon
 l - 16 scrolls of teleportation
 m - 2 scrolls of vulnerability
 o - 4 scrolls of enchant armour
 p - 9 scrolls of fog
 q - 7 scrolls of magic mapping
 w - 2 scrolls of brand weapon
 L - 7 scrolls of blinking
 Q - 9 scrolls of poison
 S - 2 scrolls of summoning
 Z - 7 scrolls of fear
Potions
 i - 29 potions of curing
 s - 2 potions of resistance
 t - 3 potions of heal wounds
 u - 7 potions of lignification
 C - a potion of cancellation
 G - 5 potions of might
 I - 9 potions of brilliance
 J - 6 potions of mutation
 M - 7 potions of invisibility
 N - 6 potions of berserk rage
 R - 8 potions of ambrosia
 W - 12 potions of haste
Miscellaneous
 h - a tin of tremorstones (2/2)
 z - a phantom mirror
 B - a condenser vane
 T - a box of beasts
 U - a phial of floods
 V - a lightning rod (4/4)


   Skills:
 - Level 19.7(27) Fighting
 - Level 5.5 Short Blades
 - Level 8.0(12.0) Armour
 - Level 20.4(27) Dodging
 * Level 11.6(18.8) Stealth
 - Level 14.4(18.2) Shields
 - Level 24.0 Unarmed Combat
 - Level 18.4(27) Spellcasting
 - Level 26.8(27) Evocations


You couldn't memorise any spells.
You knew the following spells:

 Your Spells              Type           Power      Damage    Failure   Level
a - Foxfire               Conj/Fire      100%       2x1d9     0%          1
b - Scorch                Fire           100%       2d10      0%          2
c - Conjure Flame         Conj/Fire      100%       6-21      0%          3
d - Inner Flame           Hex/Fire       100%       N/A       0%          3
e - Flame Wave            Conj/Fire      100%       2d17      0%          4
f - Freeze                Ice            100%       1d11      0%          1
g - Blink                 Tloc           100%       N/A       0%          2
h - Stone Arrow           Conj/Erth      100%       3d13      0%          3
i - Swiftness             Air            100%       N/A       0%          3
j - Blade Hands           Tmut           67%        N/A       0%          5
k - Silence               Hex/Air        67%        N/A       0%          5
l - Statue Form           Tmut/Erth      90%        N/A       0%          6
m - Dragon Form           Tmut           67%        N/A       0%          7
n - Malign Gateway        Summ/Tloc      67%        N/A       0%          7
o - Enfeeble              Hex            67%        N/A       0%          7
p - Monstrous Menagerie   Summ           67%        N/A       0%          7
q - Polar Vortex          Ice            80%        N/A       1%          9
r - Fire Storm            Conj/Fire      67%        8d17      1%          9
Your spell library was empty.

Dungeon Overview and Level Annotations

Branches:
Dungeon (15/15)            Temple (1/1) D:5            Lair (6/6) D:11
  Swamp (4/4) Lair:3       Spider (4/4) Lair:2        Slime (5/5) Lair:6
    Orc (2/2) D:11            Elf (3/3) Orc:2        Vaults (5/5) D:13
  Crypt (1/3) Vaults:2     Depths (4/4) D:15           Hell (visited)
    Dis (0/7) Hell            Geh (7/7) Hell            Coc (0/7) Hell
    Tar (0/7) Hell            Zot (5/5) Depths:4      Sewer (visited)
Gauntlet (visited)

Altars:
Ashenzari
Cheibriados
Dithmenos
Elyvilon
Fedhas
Gozag
Hepliaklqana
Makhleb
Nemelex Xobeh
Okawaru
Qazlal
Ru
Trog
Uskayaw
Wu Jian
Xom
Yredelemnul
Zin
The Shining One
Jiyva

Shops:
D:6 =   D:8 !   D:11 *   Orc:1 *   Orc:2 (*:!   Elf:1 [!   Elf:2 [   Elf:3 [
Vaults:2 [*(   Zot:4 *   Depths:3 *:

Portals:
Hell: Depths:1 Depths:2 Depths:3 Depths:4
Abyss: Depths:3
Pandemonium: Orc:2 Depths:1 Depths:2
Ziggurat: Depths:1
Trove: D:15 (show slimy rune of Zot)

Annotations:
D:4 1 runed translucent door, Blork the orc, Crazy Yiuf
D:7 1 runed translucent door, Hubris850's ghost, novice DrIE
D:8 exclusion: Erica
D:11 2 transporters, Orthodox's ghost, journeyman DsFE
Elf:1 exclusion: orange crystal statue
Elf:2 2 transporters, Palms's ghost, adept MfGl
Geh:7 Asmodeus
Zot:4 3 runed translucent doors, exclusion: obsidian statue, Ytolar's ghost, legendary DsFi


Innate Abilities, Weirdness & Mutations

You are immune to sickness and miasma.
You are immune to poison.
Your flesh is very heat resistant. (rF++)
You are vulnerable to cold. (rC-)
You float through the air rather than walking.
You learn spells naturally, not from books.
Your magical power is your life essence.
You have superior vitality. (+4 MHP)
A frigid envelope surrounds you and freezes all who hurt you.
You occasionally shout uncontrollably at your foes.


Message History

The damnation engulfs Asmodeus.
Asmodeus completely resists.
Asmodeus shouts, "Face thy requiem, thou tasty victuals!"
You hear a shout!
You hear a roar!
The hellion gestures at you.
The sphere of damnation explodes!
The damnation engulfs you!!
The damnation engulfs Asmodeus.
Asmodeus completely resists.
The balrug gestures at you. Something smites you!
* * * LOW HITPOINT WARNING * * *
Asmodeus shouts, "Thy mind shall be my meal!"
You hear a shout!
You kill the balrug!
The balrug disappears in a puff of smoke!
The balrug gestures at you.
The fireball explodes!
The fireball engulfs you! You resist.
* * * LOW HITPOINT WARNING * * *
The hellion gestures at you.
The sphere of damnation explodes!
The damnation engulfs you!!
* * * LOW HITPOINT WARNING * * *
You kill the balrug!
The hellion gestures at you.
The sphere of damnation explodes!
The damnation engulfs you!
* * * LOW HITPOINT WARNING * * *
The damnation engulfs Asmodeus.
Asmodeus completely resists.
Unknown command.
Unknown command.
Unknown command.
Casting: Polar Vortex (mildly dangerous; 1% risk of failure)
Confirm with . or Enter, or press ? or * to list all spells.
Aiming: Enfeeble (safe; 0% risk of failure)
Press: ? - help, Shift-Dir - straight line, f - Asmodeus
Aim: Asmodeus, wielding the +7 sceptre of Asmodeus and wearing a +6 ring of intelligence (whirling frost, heavily wounded, surrounded by flames, will inflict weakness and antimagic) Asmodeus partially resists.
Asmodeus is enfeebled!
* * * LOW HITPOINT WARNING * * *
You kill the hellion!
The winds around you start to calm down.
You block Asmodeus's attack. The hellion gestures at you.
The sphere of damnation explodes!
The damnation engulfs you!!
You die...

# ##....#..#. ∆φ#..#....##, , #
##....#..#☼ ,.#..#.....# ,,
...##...#..○°☼..##..#..2..#, ,,
...$#...##○○'####..##{§...# ,
...$#....#.○.......#§§§...## ,
...$#÷...###.....###§§§....#
*,,
|=:##).....#######§§§§§....#, ,
####.......§§§§&§§§§§§§...'# *,
.).''......§§§○§@§§§§§§..''..,*
,
....''.....°§§§§§§§§§#####...,
*
.....''.#####§§§§#####.2.'...,
......'##$..######^..{.## .. ^
.......#)....##....### *,**, *
.......#:....'..##** , *,,
...)...#[.. * *,,,{ ,,, ,,,
.§§....##$∆∆ , ,,,, ,,,
.§......###** , , { ,,,,,,≈


You could see Asmodeus (clouds, weak, magic disrupted) and a hellion.

Vanquished Creatures
  the Royal Jelly (Slime:5)
  8 dread liches
  5 orbs of fire
  5 ancient liches
  A juggernaut (Depths:2)
  Mennas (Vaults:4)
  Sojobo (Vaults:4)
  Vv (Zot:1)
  The ghost of Houmnergh the Rich, a master GnTm of Gozag (Crypt:1)
  5 Killer Klowns
  Bai Suzhen (Spider:3)
  Geryon (Hell)
  2 curse toes
  A golden dragon (shapeshifter) (Vaults:5)
  6 golden dragons
  Arachne (Spider:3)
  2 bone dragons (Depths:4)
  The ghost of Kucw the Warrior, an adept GrFi of Cheibriados (Crypt:1)
  5 Brimstone Fiends
  5 electric golems
  Zenata (Vaults:3)
  13 tentacled monstrosities
  A walking earthen tome (Depths:2)
  Asterion (Spider:3)
  9 hellephants
  5 deep elf blademasters
  A lich (Depths:2)
  24 Orb Guardians (Zot:5)
  3 titans
  11 searing wretches
  6 quicksilver dragons
  A walking frostbound tome (Depths:4)
  3 deep elf master archers (Elf:3)
  6 ancient champions
  16 acid blobs
  5 death cobs
  7 sphinxes
  15 storm dragons
  8 tengu reavers
  A thorn hunter (Swamp:4)
  Kirke (Swamp:1)
  12 shadow dragons
  11 draconian monks
  Donald (Elf:1)
  11 rockslimes
  8 draconian knights
  2 emperor scorpions
  11 azure jellies
  10 deep elf sorcerers
  16 fire giants
  5 draconian scorchers
  A revenant (Crypt:1)
  3 orc warlords
  Aizul (Crypt:1)
  5 ghost moths
  6 frost giants
  A caustic shrike zombie (Hell)
  14 vault wardens
  18 ironbound preservers
  9 draconian stormcallers
  16 balrugs
  7 quicksilver oozes
  2 deep elf elementalists (Elf:3)
  A curse skull (Crypt:1)
  A spriggan defender (Depths:3)
  4 draconian shifters
  5 reapers (Hell)
  5 ironbound thunderhulks
  12 stone giants
  6 draconian annihilators
  2 war gargoyles (Vaults:5)
  5 ghouls (Crypt:1)
  20 very ugly things
  A broodmother (shapeshifter) (Depths:2)
  5 vampire knights
  13 dire elephants
  13 green draconians
  6 deep elf annihilators (Elf:3)
  3 eleionomae
  7 deep elf demonologists
  A minotaur (Gauntlet)
  4 entropy weavers
  26 yellow draconians
  2 bunyips
  12 white draconians
  14 black draconians
  9 spark wasps
  Snorg (Lair:3)
  A bunyip (shapeshifter) (Elf:2)
  6 red draconians
  12 purple draconians
  2 ettins (shapeshifter) (Elf:2)
  6 deep elf death magi
  6 fire dragons
  2 ettins (Vaults:5)
  5 great orbs of eyes
  4 deep elf high priests (Elf:3)
  21 hydras
  2 rakshasas
  A spriggan zombie (Hell)
  Fannar (Orc:1)
  11 yaktaur captains
  15 boulder beetles
  10 ice dragons
  8 salamander tyrants
  3 ogre magi
  3 spriggan air magi
  7 two-headed ogres
  Erica (D:8)
  3 demonspawn (Orc:2)
  26 vault guards
  3 stokers
  A ghost crab (Swamp:3)
  2 jorogumos (shapeshifter) (Elf:2)
  14 centaur warriors
  7 ironbound frosthearts
  4 jorogumos
  2 catoblepae
  26 dancing weapons
  A fenstrider witch skeleton (Crypt:1)
  10 death yaks
  2 death knights (Crypt:1)
  10 alligators
  26 hell hogs
  A two-headed ogre (shapeshifter) (Vaults:5)
  A spectral storm dragon (Crypt:1)
  An alligator (shapeshifter) (Elf:2)
  7 deep troll shamans
  10 orc high priests
  4 radroaches
  4 deep troll earth magi
  3 vampire magi
  3 tengu warriors
  5 soul eaters
  4 spriggan berserkers
  23 deep elf knights
  4 sun demons (Hell)
  9 spriggans
  A titan skeleton (Crypt:1)
  17 hell knights
  A shock serpent (shapeshifter) (Vaults:2)
  2 shadow wraiths (Hell)
  8 iron trolls (Depths:3)
  15 skeletal warriors (Crypt:1)
  3 sun moths
  A flayed ghost (Crypt:1)
  7 goliath frogs
  A golden dragon zombie (Crypt:1)
  6 pharaoh ants
  7 swamp dragons
  A storm dragon skeleton (Crypt:1)
  6 glowing orange brains
  2 sea snakes (shapeshifter)
  5 spriggan druids
  12 steelbarb worms
  57 deep trolls
  13 bog bodies
  A deep troll (shapeshifter) (Vaults:5)
  9 deep elf archers
  9 ironbound convokers
  Pikel (D:7)
  18 phantasmal warriors
  5 harpies (Vaults:2)
  9 orc knights
  An obsidian statue (Zot:5)
  10 wizards
  8 orb spiders
  An orange crystal statue (Zot:5)
  6 necromancers
  19 wolf spiders
  30 ugly things
  13 lindwurms
  10 orc sorcerers
  26 deep elf pyromancers
  25 deep elf zephyrmancers
  A spectral ice dragon (Crypt:1)
  9 cyclopes
  5 shining eyes
  31 moths of wrath
  2 spectral fire dragons (Crypt:1)
  A salamander (D:15)
  5 will-o-the-wisps
  A manticore (shapeshifter) (Depths:1)
  4 manticores
  6 elephants
  A black mamba (shapeshifter) (D:13)
  14 vault sentinels
  6 torpor snails
  12 molten gargoyles
  An apocalypse crab (Elf:2)
  7 black mambas
  3 smoke demons (Hell)
  Joseph (D:7)
  15 cane toads
  An unseen horror (D:12)
  4 gargoyles
  6 eyes of devastation
  5 demonic crawlers
  A rime drake (shapeshifter) (D:14)
  A grey draconian zombie (Crypt:1)
  An unseen horror (shapeshifter) (Depths:3)
  9 komodo dragons
  26 yaktaurs
  9 hellions
  3 rime drakes
  An efreet (D:14)
  3 ice devils (Hell)
  6 freezing wraiths
  A bunyip simulacrum (Crypt:1)
  4 tengu conjurers
  A harpy zombie (Crypt:1)
  4 tormentors
  2 burning bushes (Lair:2)
  11 trolls
  8 meliai
  2 polar bears
  29 tarantellas
  A bloated husk (Swamp:3)
  90 slime creatures
  7 hornets
  A catoblepas skeleton (Crypt:1)
  14 tyrant leeches
  A tarantella (shapeshifter) (Elf:2)
  Prince Ribbit (D:8)
  11 blink frogs
  A harpy skeleton (Hell)
  6 dream sheep
  A stone giant simulacrum (Hell)
  A raiju (shapeshifter) (D:15)
  2 water elementals
  19 jumping spiders
  17 flying skulls (Crypt:1)
  8 air elementals
  2 vampires
  6 shadows
  A culicivora (shapeshifter) (Elf:2)
  18 culicivoras
  4 wyverns
  53 yaks
  A dire elephant simulacrum (Crypt:1)
  A ynoxinul (Orc:2)
  Grum (D:8)
  8 basilisks
  9 wraiths
  2 fire elementals
  3 hogs (Swamp:1)
  A hog (shapeshifter) (Elf:2)
  7 golden eyes
  57 redbacks
  A neqoxec (Orc:2)
  2 steam dragons
  11 swamp worms
  A hydra simulacrum (Hell)
  16 vampire mosquitoes
  7 wargs
  A cane toad zombie (Crypt:1)
  An acid dragon (D:10)
  17 water moccasins
  A water moccasin (shapeshifter) (Vaults:5)
  12 swamp drakes
  A sky beast (D:6)
  46 orc warriors
  4 black bears
  A cane toad skeleton (Crypt:1)
  An ice beast (D:6)
  12 ogres
  3 centaurs
  16 wolves
  A boggart (Elf:1)
  3 phantoms
  2 lemures (D:7)
  A blink frog skeleton (Crypt:1)
  5 kobold brigands
  2 necrophages (Crypt:1)
  13 bullfrogs
  A gnoll sergeant (D:7)
  5 earth elementals
  8 scorpions
  4 wights (D:7)
  2 jellies
  11 killer bees
  3 howler monkeys
  2 electric eels
  5 hounds
  A centaur skeleton (Crypt:1)
  29 orc priests
  A gnoll bouda (D:9)
  4 iguanas
  4 hell rats (Hell)
  17 orc wizards
  Natasha (thrice) (D:2)
  A merfolk siren (Sewer)
  A merfolk avatar (Sewer)
  An ogre skeleton (Crypt:1)
  8 gnolls
  8 adders
  3 river rats
  A shadow imp (D:7)
  5 white imps
  4 worms
  A dart slug (D:3)
  76 orcs
  6 bats
  5 endoplasms
  7 giant cockroaches
  10 hobgoblins
  5 jackals
  26 kobolds
  9 quokkas
  7 ball pythons
  8 frilled lizards
  6 goblins
  20 rats
  3 creeping infernos
  255 fire vortices
2624 creatures vanquished.

Vanquished Creatures (collateral kills)
  A dread lich (Zot:5)
  Parghit (Zot:1)
  A Killer Klown (Zot:3)
  2 golden dragons
  Jorgrun (Swamp:1)
  A tentacled monstrosity (Zot:3)
  An Orb Guardian (Zot:5)
  An acid blob (Slime:4)
  An eldritch tentacle (Elf:1)
  2 storm dragons
  A shadow dragon (Vaults:2)
  Frances (Elf:1)
  A tengu reaver (Vaults:2)
  A vault warden (Vaults:4)
  A draconian shifter (Zot:1)
  A draconian annihilator (Zot:2)
  2 ironbound thunderhulks
  An entropy weaver (Spider:4)
  2 purple draconians
  3 white draconians (Zot:1)
  8 dire elephants
  3 yellow draconians
  A black draconian (Zot:5)
  A deep elf death mage (Elf:3)
  A vault guard (Vaults:1)
  2 hydras (D:13)
  A boulder beetle (D:12)
  2 great orbs of eyes
  2 alligators (Swamp:1)
  7 dancing weapons
  2 spriggan berserkers (Swamp:4)
  Lodul (D:13)
  8 deep elf knights
  A skeletal warrior (Crypt:1)
  9 deep trolls
  2 deep elf archers (Elf:1)
  2 wizards
  A lindwurm (Vaults:2)
  2 ironbound convokers
  4 deep elf pyromancers
  A phantasmal warrior (Vaults:4)
  3 ugly things (Vaults:1)
  2 spectral ice dragons (Crypt:1)
  4 deep elf zephyrmancers
  3 moths of wrath
  3 vault sentinels
  A demonic crawler (Spider:4)
  9 yaktaurs
  An alligator snapping turtle skeleton (Crypt:1)
  A meliai (shapeshifter) (Spider:4)
  10 slime creatures
  A snapping turtle (Spider:4)
  A water elemental (Elf:3)
  A golden eye (Slime:1)
  A swamp worm (Swamp:1)
  2 ogres (D:13)
  A hell rat (Hell)
  A goblin (D:5)
  A kobold (D:5)
  A creeping inferno (Geh:7)
  61 foxfires
195 creatures vanquished.

Vanquished Creatures (others)
  56 eldritch tentacles
  A deep elf sorcerer (Elf:3)
  A bunyip (Swamp:1)
  A deep troll earth mage (Depths:4)
  2 deep elf knights
  A moth of wrath (Zot:1)
  2 bloated husks (Swamp:1)
  A dream sheep (Lair:6)
  A hornet (Swamp:3)
  2 jumping spiders
  2 humans (Swamp:1)
  A vampire mosquito (Swamp:1)
  A creeping inferno (Geh:3)
  15 demonic plants (Gauntlet)
  326 fire vortices
  2723 foxfires
  42 fungi
  102 plants
3280 creatures vanquished.

Grand Total: 6099 creatures vanquished

Notes
Turn   | Place    | Note
-------+----------+-------------------------------------------
     0 | D:1      | blackman the Djinni Fire Elementalist began the quest for
                  | the Orb.
     0 | D:1      | blackman set off with the following spells memorised:
                  | Foxfire, Scorch, Conjure Flame, Inner Flame, Flame Wave.
     0 | D:1      | Reached XP level 1. HP: 15/15 MP: 0/0
     0 | D:1      | Found a faded altar of an unknown god.
   637 | D:1      | Reached XP level 2. HP: 17/21 MP: 0/0
  2040 | D:1      | Reached XP level 3. HP: 22/25 MP: 0/0
  2040 | D:1      | Learned a level 1 spell: Freeze
  2212 | D:2      | Noticed Natasha
  2219 | D:2      | Killed Natasha
  2374 | D:2      | Found a blossoming altar of Fedhas.
  2546 | D:2      | Reached XP level 4. HP: 27/31 MP: 0/0
  2652 | D:2      | Noticed Natasha
  2656 | D:2      | Killed Natasha
  3045 | D:2      | Noticed Natasha
  3052 | D:2      | Killed Natasha
  3053 | D:2      | Reached XP level 5. HP: 21/35 MP: 0/0
  3053 | D:2      | Learned a level 2 spell: Blink
  4432 | D:3      | Noticed a water moccasin
  4495 | D:3      | Killed a water moccasin
  4496 | D:3      | Reached XP level 6. HP: 24/40 MP: 0/0
  5895 | D:4      | Found a runed translucent door.
  5896 | D:4      | Noticed Crazy Yiuf
  5898 | D:4      | Noticed Blork the orc
  6211 | D:4      | Found a hazy altar of Hepliaklqana.
  6453 | D:4      | Found a sparkling altar of Nemelex Xobeh.
  6545 | D:4      | Found a glowing silver altar of Zin.
  6545 | D:4      | Found a shimmering altar of Xom.
  6547 | D:4      | Found a shadowy altar of Dithmenos.
  6547 | D:4      | Found a white marble altar of Elyvilon.
  6547 | D:4      | Found a white marble altar of Elyvilon.
  6599 | D:4      | Reached XP level 7. HP: 42/45 MP: 0/0
  6599 | D:4      | Learned a level 3 spell: Stone Arrow
  6700 | D:4      | Reached skill level 5 in Spellcasting
  7109 | D:5      | Entered Level 5 of the Dungeon
  7402 | D:5      | Found a white marble altar of Elyvilon.
  7432 | D:5      | Reached XP level 8. HP: 41/50 MP: 0/0
  7769 | D:5      | Found a staircase to the Ecumenical Temple.
  7805 | Temple   | Entered the Ecumenical Temple
  8301 | D:5      | Found an opulent altar of Gozag.
  8401 | D:6      | Found Yguax's Jewellery Emporium.
  8671 | D:6      | Found a glowing drain.
  8708 | Sewer    | Entered a sewer
  9898 | D:6      | Reached XP level 9. HP: 51/55 MP: 0/0
  9898 | D:6      | Learned a level 3 spell: Swiftness
 10680 | D:6      | Found a stormy altar of Qazlal.
 10849 | D:7      | Found a runed translucent door.
 10849 | D:7      | Noticed Hubris850's ghost (novice DrIE)
 11006 | D:7      | Noticed Pikel
 11012 | D:7      | Killed Pikel
 11371 | D:7      | Reached skill level 10 in Spellcasting
 11371 | D:7      | Reached XP level 10. HP: 45/60 MP: 0/0
 11779 | D:7      | Noticed a manticore
 11790 | D:7      | Killed a manticore
 11889 | D:7      | Identified the +0 robe "Nufaq" {rPois Str+2}
 12156 | D:7      | Noticed a gargoyle
 12573 | D:7      | Killed a gargoyle
 12659 | D:7      | Noticed a boulder beetle
 12661 | D:7      | Noticed Maggie
 12664 | D:7      | Noticed Maggie
 12664 | D:7      | Maggie changed into Maggie the swamp drake
 12666 | D:7      | Killed Maggie the swamp drake
 13056 | D:7      | Killed a boulder beetle
 13827 | D:7      | Noticed Joseph
 14110 | D:7      | Noticed Joseph
 14110 | D:7      | Joseph changed into Joseph the scorpion
 14112 | D:7      | Killed Joseph
 14113 | D:7      | Reached XP level 11. HP: 61/65 MP: 0/0
 14113 | D:7      | Learned a level 5 spell: Blade Hands
 14367 | D:8      | Noticed Erica
 14394 | D:8      | Found a hide-covered altar of Uskayaw.
 14492 | D:8      | Found a basalt altar of Yredelemnul.
 14630 | D:8      | Noticed Prince Ribbit
 14684 | D:8      | Killed Prince Ribbit
 15172 | D:8      | Noticed a cyclops
 15184 | D:8      | Noticed a cyclops
 15760 | D:8      | Found Eten's Distillery.
 15771 | D:8      | Bought a potion of heal wounds for 65 gold pieces
 15771 | D:8      | Bought a potion of heal wounds for 65 gold pieces
 16034 | D:8      | Noticed Grum
 16064 | D:8      | HP: 2/65 [wolf[Grum] (6)]
 16346 | D:8      | Killed Grum
 16658 | D:8      | Killed Erica
 16762 | D:8      | Found a broken altar of Ashenzari.
 16791 | D:8      | Became a worshipper of Ashenzari the Shackled
 17127 | D:7      | Killed a cyclops
 17284 | D:8      | Killed a cyclops
 19305 | D:9      | Reached skill level 1 in Fighting
 19307 | D:9      | Reached skill level 1 in Evocations
 19986 | D:10     | Entered Level 10 of the Dungeon
 20634 | D:10     | Reached XP level 12. HP: 45/76 MP: 0/0
 20776 | D:10     | Identified a scroll of acquirement
 20781 | D:10     | Acquired a manual of Dodging
 20798 | D:10     | Found a sacrificial altar of Ru.
 20850 | D:10     | Reached * piety under Ashenzari
 21016 | D:10     | Reached skill level 2 in Evocations
 21507 | D:11     | Noticed a two-headed ogre
 21522 | D:11     | Killed a two-headed ogre
 21523 | D:11     | Reached skill level 5 in Dodging
 21599 | D:11     | Noticed a death yak
 21623 | D:11     | Killed a death yak
 21918 | D:11     | Found a transporter.
 21982 | D:11     | Found a transporter.
 21993 | D:11     | Found Kuoxtiwi's Pet Rocks.
 22001 | D:11     | Noticed Orthodox's ghost (journeyman DsFE)
 22008 | D:11     | Reached skill level 3 in Evocations
 22442 | D:11     | Noticed a two-headed ogre
 22470 | D:11     | Killed a two-headed ogre
 22471 | D:11     | Reached skill level 5 in Fighting
 22625 | D:11     | Found a staircase to the Orcish Mines.
 22698 | D:11     | Reached ** piety under Ashenzari
 22702 | D:11     | Noticed a five-headed hydra
 22702 | D:11     | Noticed a four-headed hydra
 22709 | D:11     | Killed a four-headed hydra
 22799 | D:11     | Killed a five-headed hydra
 22930 | D:11     | Identified the +10 dagger of the New World {spect, MP-9
                  | Str+2 Int+4}
 22970 | D:11     | Found a staircase to the Lair.
 23225 | D:11     | Noticed an ice dragon
 24407 | Lair:1   | Entered Level 1 of the Lair of Beasts
 24520 | Lair:1   | Reached skill level 10 in Dodging
 26065 | Lair:2   | Reached XP level 13. HP: 85/90 MP: 0/0
 26065 | Lair:2   | Learned a level 5 spell: Silence
 26414 | Lair:2   | Found a hole to the Spider Nest.
 26890 | Lair:2   | Reached *** piety under Ashenzari
 27218 | Lair:3   | Found a gate leading to a gauntlet.
 27219 | Lair:3   | Found a staircase to the Swamp.
 27225 | Gauntlet | Entered a Gauntlet
 27225 | Gauntlet | Found a transporter.
 27333 | Gauntlet | Found a transporter.
 27350 | Gauntlet | Identified the +1 cloak of Polish {Rampage rF- rC++ Slay+3}
 27351 | Gauntlet | Found a transporter.
 27354 | Gauntlet | Found a transporter.
 27362 | Gauntlet | Noticed a green death
 27375 | Gauntlet | Found a transporter.
 27388 | Gauntlet | Found a transporter.
 27402 | Gauntlet | Found a transporter.
 27408 | Gauntlet | Noticed a quicksilver ooze
 27429 | Gauntlet | Found a transporter.
 27429 | Gauntlet | Found a transporter.
 27437 | Gauntlet | Found a transporter.
 27468 | Gauntlet | Found a transporter.
 27468 | Gauntlet | Found a transporter.
 27469 | Gauntlet | Identified the ring of Iguv {Ice +Blink Int+5 Dex-3}
 27907 | Gauntlet | Killed a quicksilver ooze
 28229 | Gauntlet | Noticed a minotaur
 28245 | Gauntlet | Killed a minotaur
 30370 | Lair:3   | Found the +1 robe of Vines {NoPotionHeal Regen++++}
 31138 | Lair:3   | Reached skill level 10 in Fighting
 31146 | Lair:3   | Noticed Snorg
 31157 | Lair:3   | Killed Snorg
 31484 | Lair:4   | Reached XP level 14. HP: 97/106 MP: 0/0
 31519 | Lair:4   | Reached skill level 15 in Dodging
 33075 | Lair:6   | Entered Level 6 of the Lair of Beasts
 33668 | Lair:6   | Reached skill level 15 in Spellcasting
 33797 | Lair:6   | Found a runed translucent door.
 33797 | Lair:6   | Noticed an azure jelly
 33798 | Lair:6   | Found a viscous altar of Jiyva.
 33798 | Lair:6   | Found a staircase to the Slime Pits.
 33798 | Lair:6   | Noticed an azure jelly
 33798 | Lair:6   | Noticed an azure jelly
 33799 | Lair:6   | Noticed an azure jelly
 34697 | Lair:6   | Reached XP level 15. HP: 94/118 MP: 0/0
 34697 | Lair:6   | Learned a level 6 spell: Statue Form
 34725 | Lair:6   | Identified the cursed +2 falchion "Stickiness of Ashenzari"
                  | {elec, Fort, Melee} (You found it on level 5 of the
                  | Dungeon)
 34725 | Lair:6   | Identified the cursed +2 pair of gloves of the Shackled God
                  | {Stlth+, Cun, Self} (You found it in a Gauntlet)
 36612 | Orc:1    | Entered Level 1 of the Orcish Mines
 36644 | Orc:1    | Reached **** piety under Ashenzari
 36746 | Orc:1    | Found Kebezxel's General Store.
 36784 | Orc:1    | Noticed Fannar
 36807 | Orc:1    | Killed Fannar
 36840 | Orc:1    | Noticed an orc warlord
 36932 | Orc:1    | Paralysed by an orc sorcerer for 4 turns
 37040 | Orc:1    | Killed an orc warlord
 37199 | Orc:1    | Noticed an orc warlord
 37244 | Orc:1    | Killed an orc warlord
 37357 | Orc:1    | Reached ***** piety under Ashenzari
 37687 | Orc:2    | Entered Level 2 of the Orcish Mines
 37687 | Orc:2    | Noticed an orc warlord
 37788 | Orc:2    | Paralysed by an orc sorcerer for 4 turns
 38004 | Orc:2    | Killed an orc warlord
 38236 | Orc:2    | Found a staircase to the Elven Halls.
 38391 | Orc:2    | Found Vapih's General Store.
 38395 | Orc:2    | Found Xaocs's Distillery.
 38662 | Orc:2    | Found a one-way gate leading to the halls of Pandemonium.
 38668 | Orc:2    | Found Goppo's Book Boutique.
 38822 | Orc:2    | Reached XP level 16. HP: 79/134 MP: 0/0
 38952 | Orc:2    | Found Cecutyra's Antique Weapon Shop.
 39189 | Swamp:1  | Entered Level 1 of the Swamp
 39262 | Swamp:1  | Noticed Kirke
 39290 | Swamp:1  | Killed Kirke
 39802 | Swamp:1  | Noticed Jorgrun
 39808 | Swamp:1  | Killed Jorgrun
 40040 | Swamp:1  | Reached skill level 4 in Evocations
 40518 | Swamp:1  | Reached skill level 5 in Evocations
 40997 | Swamp:2  | Reached skill level 6 in Evocations
 41140 | Swamp:2  | Reached skill level 7 in Evocations
 41466 | Swamp:2  | Reached skill level 8 in Evocations
 42028 | Swamp:3  | Reached skill level 9 in Evocations
 42210 | Swamp:3  | Reached XP level 17. HP: 121/141 MP: 0/0
 42210 | Swamp:3  | Learned a level 7 spell: Dragon Form
 42448 | Swamp:4  | Entered Level 4 of the Swamp
 42560 | Swamp:4  | Reached skill level 10 in Evocations
 42821 | Swamp:4  | Reached skill level 11 in Evocations
 42912 | Swamp:4  | Noticed a thorn hunter
 42964 | Swamp:4  | Killed a thorn hunter
 42974 | Swamp:4  | Reached skill level 12 in Evocations
 42984 | Swamp:4  | Got a decaying rune of Zot
 43057 | Swamp:4  | Identified the cursed +0 helmet of Ashenzari's Stickiness
                  | {Evo, Self} (You found it on level 8 of the Dungeon)
 43057 | Swamp:4  | Identified the cursed +0 buckler "Omniscient Oracle" {Self,
                  | Fort} (You found it on level 1 of the Swamp)
 43197 | Swamp:4  | Reached skill level 1 in Unarmed Combat
 43750 | Spider:1 | Entered Level 1 of the Spider Nest
 44554 | Spider:1 | Reached skill level 5 in Unarmed Combat
 45102 | Spider:2 | Reached XP level 18. HP: 133/148 MP: 0/0
 45909 | Spider:3 | Noticed Arachne
 45917 | Spider:3 | Noticed Asterion
 46212 | Spider:3 | Noticed an Executioner
 46215 | Spider:3 | Killed Asterion
 46944 | Spider:4 | Entered Level 4 of the Spider Nest
 47192 | Spider:4 | Noticed Bai Suzhen
 47210 | Spider:3 | Killed Bai Suzhen
 47424 | Spider:3 | Killed Arachne
 48035 | Spider:3 | Reached skill level 10 in Unarmed Combat
 49171 | Spider:4 | Reached XP level 19. HP: 145/145 MP: 0/0
 49171 | Spider:4 | Learned a level 7 spell: Malign Gateway
 51148 | Spider:4 | Got a gossamer rune of Zot
 53177 | D:13     | Acquired a staff of earth
 53786 | D:13     | Noticed Lodul
 53794 | D:13     | Killed Lodul
 54051 | D:13     | Found a gate to the Vaults.
 54382 | D:14     | Acquired a manual of Dodging
 54473 | D:14     | Identified the +10 quarterstaff of Nightmares {vorpal,
                  | rCorr Int-3 Dex+4 SInv}
 54598 | D:14     | Found a broken altar of Ashenzari.
 54944 | D:15     | Entered Level 15 of the Dungeon
 54955 | D:15     | Found a staircase to the Depths.
 55087 | D:15     | Found a portal to a secret trove of treasure.
 55732 | Depths:1 | Entered Level 1 of the Depths
 55900 | Elf:1    | Entered Level 1 of the Elven Halls
 55957 | Elf:1    | Paralysed by an air elemental for 1 turns
 56034 | Elf:1    | Noticed Donald
 56036 | Elf:1    | Noticed Frances
 56045 | Elf:1    | Killed Frances
 56047 | Elf:1    | Killed Donald
 56048 | Elf:1    | Paralysed by an air elemental for 1 turns
 56087 | Elf:1    | Reached XP level 20. HP: 155/155 MP: 0/0
 56173 | Elf:1    | Reached ****** piety under Ashenzari
 56199 | Elf:1    | Paralysed by an air elemental for 1 turns
 56240 | Elf:1    | Identified the cursed scarf of the Fated Yoke {rC+ rF+,
                  | Evo, Self} (You found it on level 4 of the Spider Nest)
 56301 | Elf:1    | Found Haocomy's Distillery.
 56333 | Elf:1    | Bought 2 potions of mutation for 208 gold pieces
 56797 | Elf:1    | Found Thor's Dragon-Slaying Spoils.
 57223 | Elf:2    | Found Viwois's Armour Boutique.
 57245 | Elf:2    | Reached skill level 1 in Armour
 57341 | Elf:2    | Found a runed translucent gate.
 57341 | Elf:2    | Found a runed translucent gate.
 57343 | Elf:2    | Found a runed translucent gate.
 57985 | Elf:2    | Reached skill level 5 in Armour
 58176 | Elf:2    | Found a huge runed gate.
 58176 | Elf:2    | Found a huge runed gate.
 58177 | Elf:2    | Found a huge runed gate.
 58178 | Elf:2    | Found a huge runed gate.
 58178 | Elf:2    | Found a huge runed gate.
 58178 | Elf:2    | Found a huge runed gate.
 58180 | Elf:2    | Paralysed by an air elemental for 1 turns
 58184 | Elf:2    | Found a huge runed gate.
 58184 | Elf:2    | Found a huge runed gate.
 58184 | Elf:2    | Found a huge runed gate.
 58185 | Elf:2    | Found a huge runed gate.
 58185 | Elf:2    | Found a huge runed gate.
 58186 | Elf:2    | Found a huge runed gate.
 58187 | Elf:2    | Found a huge runed gate.
 58188 | Elf:2    | Found a huge runed gate.
 58189 | Elf:2    | Found a huge runed gate.
 58190 | Elf:2    | Found a huge runed gate.
 58193 | Elf:2    | Found a huge runed gate.
 58193 | Elf:2    | Found a huge runed gate.
 58193 | Elf:2    | Found a huge runed gate.
 58198 | Elf:2    | Found a huge runed gate.
 58198 | Elf:2    | Found a huge runed gate.
 58198 | Elf:2    | Found a huge runed gate.
 58199 | Elf:2    | Found a huge runed gate.
 58200 | Elf:2    | Found a huge runed gate.
 58201 | Elf:2    | Found a huge runed gate.
 58204 | Elf:2    | Found a huge runed gate.
 58204 | Elf:2    | Found a huge runed gate.
 58204 | Elf:2    | Found a huge runed gate.
 58211 | Elf:2    | Found a huge runed gate.
 58211 | Elf:2    | Found a huge runed gate.
 58211 | Elf:2    | Found a huge runed gate.
 58214 | Elf:2    | Found a huge runed gate.
 58215 | Elf:2    | Found a huge runed gate.
 58216 | Elf:2    | Found a huge runed gate.
 58219 | Elf:2    | Found a huge runed gate.
 58219 | Elf:2    | Found a huge runed gate.
 58428 | Elf:2    | Paralysed by an air elemental for 1 turns
 58456 | Elf:2    | Found a transporter.
 58457 | Elf:2    | Identified the +10 dagger of the Ten Servitors {flame,
                  | rPois}
 58459 | Elf:2    | Noticed Palms's ghost (adept MfGl)
 58459 | Elf:2    | Identified the +2 pair of gloves "Qobog" {rPois rN+ MP+9}
 58467 | Elf:2    | Found a transporter.
 60382 | Vaults:1 | Entered Level 1 of the Vaults
 60605 | D:13     | Reached XP level 21. HP: 164/164 MP: 0/0
 60605 | D:13     | Learned a level 7 spell: Enfeeble
 61573 | Vaults:1 | Reached skill level 15 in Fighting
 63848 | Vaults:2 | Reached skill level 15 in Unarmed Combat
 64005 | Vaults:2 | Found a staircase to the Crypt.
 64254 | Vaults:2 | Found a basalt altar of Yredelemnul.
 64321 | Vaults:2 | Reached XP level 22. HP: 171/171 MP: 0/0
 64510 | Vaults:2 | Found Otiuny's Assorted Antiques.
 64565 | Vaults:2 | Bought a potion of cancellation for 168 gold pieces
 64628 | Vaults:2 | Found Wiwkea's Antique Armour Shoppe.
 64628 | Vaults:2 | Found Qeimuw's Weapon Shoppe.
 65583 | Vaults:3 | Paralysed by a sphinx for 4 turns
 66359 | Vaults:3 | Noticed Zenata
 66373 | Vaults:3 | Killed Zenata
 68550 | Vaults:4 | Noticed Sojobo
 68564 | Vaults:4 | Killed Sojobo
 69587 | Vaults:4 | Noticed Mennas
 69612 | Vaults:4 | Killed Mennas
 70217 | Vaults:4 | Reached XP level 23. HP: 176/176 MP: 0/0
 70217 | Vaults:4 | Learned a level 7 spell: Monstrous Menagerie
 71926 | Elf:3    | Entered Level 3 of the Elven Halls
 71980 | Elf:3    | Found Oguhowy's Armour Shop.
 73785 | Elf:3    | Paralysed by an air elemental for 1 turns
 73924 | Elf:3    | Identified the +1 robe of Keup {Will+}
 73924 | Elf:3    | Identified the +0 buckler "Maiba" {+Blink Will++ Str+3
                  | Int+4}
 73932 | Elf:3    | Identified the +0 robe of Numuof Suuto {+Inv rPois rC+}
 74044 | Elf:3    | Identified the ring of Yral {rElec rF++ rC+ Will- MP+9}
 74105 | Elf:3    | Identified the +9 quarterstaff of Anistra {spect, rCorr}
 74105 | Elf:3    | Identified the +6 scale mail "Waczyrch" {*Slow rPois rN+}
 74172 | Elf:3    | Reached skill level 1 in Short Blades
 74243 | Elf:3    | Reached XP level 24. HP: 199/199 MP: 0/0
 74913 | Depths:1 | Reached skill level 5 in Short Blades
 74960 | Depths:1 | Found a gateway to Hell.
 75176 | Depths:1 | Found a shadowy altar of Dithmenos.
 75184 | Depths:1 | Found a one-way gateway to a ziggurat.
 75184 | Depths:1 | Noticed an ancient lich
 75185 | Depths:1 | Noticed a dread lich
 76048 | Depths:2 | Reached XP level 25. HP: 191/191 MP: 0/0
 76048 | Depths:2 | Learned a level 9 spell: Polar Vortex
 77589 | Vaults:5 | Entered Level 5 of the Vaults
 78007 | Vaults:5 | Noticed a dread lich
 78013 | Vaults:4 | Killed a dread lich
 79633 | Vaults:5 | Noticed an ancient lich
 80017 | Vaults:5 | Killed an ancient lich
 80020 | Vaults:5 | Identified the ring of Fiduwidgh {Will+ AC+4 Int+2 Dex+2
                  | Stlth+}
 80338 | Vaults:5 | Noticed an ancient lich
 80361 | Vaults:5 | Noticed a dread lich
 80364 | Vaults:5 | Killed an ancient lich
 80722 | Vaults:5 | Killed a dread lich
 80994 | Vaults:5 | Reached XP level 26. HP: 203/203 MP: 0/0
 81395 | Vaults:5 | Identified the ring of Cheibriados's Whim {+Blink rF+++
                  | Int-3 Dex-5 SInv}
 81539 | Vaults:5 | Got a silver rune of Zot
 81641 | Vaults:5 | Noticed a dread lich
 81647 | Vaults:5 | Killed a dread lich
 81659 | Vaults:5 | Identified the amulet of the Harvest {Harm Fragile rN++
                  | Regen+ MP-9}
 81798 | Vaults:5 | Identified the ring "Noloriuck" {Will+ Int+3}
 81824 | Vaults:5 | Identified the +4 arbalest "Bipt" {venom, rPois rF- rCorr}
 84281 | Depths:2 | Noticed a juggernaut
 85720 | Depths:2 | Found a bloodstained altar of Trog.
 85720 | Depths:2 | Identified the +5 flail of Red Expedience {vamp, rElec
                  | Str+4}
 85758 | Depths:2 | Killed a juggernaut
 86124 | Depths:3 | Found a one-way gate to the infinite horrors of the Abyss.
 86714 | Depths:3 | Found Bevviu's Book Emporium.
 86717 | Depths:3 | Found Feykkux's General Store.
 86992 | Depths:3 | Bought a manual of Shields for 1920 gold pieces
 87005 | Depths:3 | Reached skill level 1 in Shields
 87481 | Depths:3 | Found an ornate altar of the Wu Jian Council.
 87855 | Depths:4 | Entered Level 4 of the Depths
 87941 | Depths:4 | Reached skill level 5 in Shields
 88027 | Depths:4 | Found a gate to the Realm of Zot.
 88093 | Depths:4 | Reached XP level 27. HP: 188/225 MP: 0/0
 88093 | Depths:4 | Learned a level 9 spell: Fire Storm
 88328 | Depths:4 | Reached skill level 10 in Shields
 88741 | Crypt:1  | Entered Level 1 of the Crypt
 88798 | Crypt:1  | Reached skill level 13 in Evocations
 88855 | Crypt:1  | Noticed Aizul
 88858 | Crypt:1  | Killed Aizul
 88947 | Crypt:1  | Reached skill level 14 in Evocations
 89040 | Crypt:1  | Found a runed translucent gate.
 89041 | Crypt:1  | Found a runed translucent gate.
 89042 | Crypt:1  | Found a runed translucent gate.
 89043 | Crypt:1  | Noticed Kucw's ghost (adept GrFi)
 89044 | Crypt:1  | Noticed Houmnergh's ghost (master GnTm)
 89071 | Crypt:1  | Killed Houmnergh's ghost
 89078 | Crypt:1  | Killed Kucw's ghost
 89509 | Crypt:1  | Identified the +8 long sword "Djinni's Doom" {vorpal,
                  | Will++}
 89980 | Zot:1    | Entered Level 1 of the Realm of Zot
 89990 | Zot:1    | Reached skill level 15 in Evocations
 90025 | Zot:1    | Noticed Vv
 90045 | Zot:1    | Killed Vv
 90051 | Zot:1    | Reached skill level 16 in Evocations
 90560 | Zot:1    | Noticed Parghit
 90568 | Zot:1    | Killed Parghit
 90861 | Zot:1    | Identified the +7 arbalest "Maru" {penet, rElec rN+ Stlth-}
 90964 | Zot:1    | Reached skill level 17 in Evocations
 91530 | Zot:2    | Reached skill level 18 in Evocations
 92734 | Zot:3    | Reached skill level 19 in Evocations
 92869 | Zot:3    | Noticed a Killer Klown
 92872 | Zot:3    | Noticed a Killer Klown
 93095 | Zot:3    | Killed a Killer Klown
 93260 | Zot:3    | Killed a Killer Klown
 93375 | Zot:3    | Reached skill level 20 in Evocations
 94230 | Zot:4    | Noticed an orb of fire
 94249 | Zot:4    | Found a runed translucent gate.
 94249 | Zot:4    | Found a runed translucent gate.
 94249 | Zot:4    | Found a runed translucent gate.
 94249 | Zot:4    | Found an opulent altar of Gozag.
 94250 | Zot:4    | Found Feliwoo's Assorted Antiques.
 94251 | Zot:4    | Noticed a Killer Klown
 94251 | Zot:4    | Noticed Ytolar's ghost (legendary DsFi)
 94318 | Zot:4    | Gained mutation: You are clumsy. (Dex -2) [an orb of fire]
 94327 | Zot:4    | Gained mutation: You are very clumsy. (Dex -4) [an orb of
                  | fire]
 94332 | Zot:4    | Gained mutation: Your body sometimes deteriorates upon
                  | taking damage. [an orb of fire]
 94335 | Zot:4    | Lost mutation: You are very clumsy. (Dex -4) [an orb of
                  | fire]
 94336 | Zot:4    | Killed an orb of fire
 94338 | Zot:4    | Lost mutation: You are clumsy. (Dex -2) [potion of
                  | mutation]
 94338 | Zot:4    | Lost mutation: Your body sometimes deteriorates upon taking
                  | damage. [potion of mutation]
 94338 | Zot:4    | Gained mutation: A frigid envelope surrounds you and
                  | freezes all who hurt you. [potion of mutation]
 94409 | Zot:4    | Identified the +4 quarterstaff "Tulofil" {venom, Int+3
                  | Dex+5 SInv}
 94715 | Zot:4    | Reached skill level 21 in Evocations
 95471 | Zot:5    | Entered Level 5 of the Realm of Zot
 95525 | Zot:5    | Reached skill level 22 in Evocations
 95840 | Zot:5    | Noticed an orb of fire
 95846 | Zot:5    | Noticed a dread lich
 96125 | Zot:5    | Noticed an ancient lich
 96126 | Zot:5    | Noticed a dread lich
 96128 | Zot:5    | Killed an ancient lich
 96144 | Zot:5    | Noticed an ancient lich
 96146 | Zot:5    | Killed an ancient lich
 96147 | Zot:5    | Noticed a dread lich
 96150 | Zot:5    | Noticed an orb of fire
 96155 | Zot:5    | Noticed a dread lich
 96173 | Zot:5    | Noticed a Killer Klown
 96178 | Zot:5    | Noticed a Killer Klown
 96182 | Zot:5    | Noticed a dread lich
 96187 | Zot:5    | Noticed an orb of fire
 96189 | Zot:5    | Gained mutation: You occasionally shout uncontrollably at
                  | your foes. [an orb of fire]
 96197 | Zot:5    | Killed an orb of fire
 96198 | Zot:5    | Reached skill level 23 in Evocations
 96200 | Zot:5    | Killed a dread lich
 96230 | Zot:5    | Killed a dread lich
 96239 | Zot:5    | Killed an orb of fire
 96266 | Zot:5    | Killed a Killer Klown
 96274 | Zot:5    | Killed a dread lich
 96280 | Zot:5    | Killed a dread lich
 96285 | Zot:5    | Killed a Killer Klown
 96325 | Zot:5    | Reached skill level 24 in Evocations
 96359 | Zot:5    | Noticed a Killer Klown
 96361 | Zot:5    | Killed a Killer Klown
 96369 | Zot:5    | Killed an orb of fire
 96379 | Zot:5    | Noticed a dread lich
 96382 | Zot:5    | Killed a dread lich
 96391 | Zot:5    | Killed a dread lich
 96410 | Zot:5    | Noticed an orb of fire
 96415 | Zot:5    | Noticed a Killer Klown
 96416 | Zot:5    | Killed an orb of fire
 96417 | Zot:5    | Killed a Killer Klown
 96418 | Zot:5    | Reached skill level 25 in Evocations
 96474 | Zot:5    | Noticed an ancient lich
 96488 | Zot:5    | Killed an ancient lich
 96969 | Hell     | Entered the Vestibule of Hell
 96969 | Hell     | Noticed Geryon
 96978 | Hell     | Killed Geryon
 96995 | Hell     | Reached skill level 26 in Evocations
 97145 | Hell     | Found a gateway to the ashen valley of Gehenna.
 97214 | Hell     | Found a gateway to the decaying netherworld of Tartarus.
 97296 | Hell     | Found a gateway to the freezing wastes of Cocytus.
 97326 | Hell     | Found a gateway to the Iron City of Dis.
 97698 | Slime:1  | Entered Level 1 of the Pits of Slime
 98350 | Slime:5  | Entered Level 5 of the Pits of Slime
 98365 | Slime:5  | Noticed the Royal Jelly
 98368 | Slime:5  | Killed the Royal Jelly
 98529 | Slime:5  | Identified the +6 war axe of the Blind Eye {elec, rElec
                  | Str-4 Stlth+}
 98529 | Slime:5  | Identified the +9 spear of Disgust {flame, *Rage rN+++
                  | Int+3 Dex+5}
 98530 | Slime:5  | Identified the +2 war axe of the Key {vorpal, Int+3}
 98530 | Slime:5  | Identified the Directory of Pyromania and Concussion
 98530 | Slime:5  | Identified the amulet "Tuf Its" {+Blink Regen+}
 98530 | Slime:5  | Identified the +3 whip of Impatience {vamp, Will+ SInv}
 98532 | Slime:5  | Identified the +8 trident of Dishonour {flame, Int+2}
 98536 | Slime:5  | Identified Rowkupix's Teachings on the Mutated Coals
 98536 | Slime:5  | Identified the +6 morningstar of Gihot {vorpal, +Blink
                  | Dex+3}
 98547 | Slime:5  | Got a slimy rune of Zot
 98710 | Slime:5  | Reached skill level 5 in Stealth
 99041 | Geh:1    | Entered Level 1 of Gehenna
 99747 | Geh:7    | Entered Level 7 of Gehenna
 99952 | Geh:7    | Reached skill level 10 in Stealth
100145 | Geh:7    | Identified the ring of Zeor {rElec Str+6 Stlth+}
100397 | Geh:7    | Found the +7 sceptre of Asmodeus
100397 | Geh:7    | Noticed Asmodeus
100600 | Geh:7    | HP: 11/228 [hellion/damnation (13)]
100601 | Geh:7    | Killed from afar by a hellion

Illustrated notes

Levels and vault maps discovered:
D:1:      lightli_arrival_chessboard, layout_rooms,
          ebering_ecumenical_altar_rust, serial_park_tiny_pond
D:2:      layout_loops_cross, basic_altar, minmay_unequal, uniq_natasha
D:3:      layout_loops_cross, serial_bayou, serial_bayou_pond_c,
          serial_bayou_pond_c, serial_bayou_pond_d, serial_bayou_lagoon_a,
          serial_bayou_lagoon_b, serial_bayou_lake_a, minmay_divided_ellipse
D:4:      layout_basic, mainiacjoe_overflow_boulevard, doesnt_xom_only_xom,
          serial_glass, glass_columns_a, glass_columns_a,
          kennysheep_cluttered_room, uniq_crazy_yiuf_cottage, uniq_blork_the_orc
D:5:      layout_cave_pools, lemuel_coloured_pillars_altar, elyvilon_altar_3,
          vehumet_altar_wand_db, temple_green, grunt_ministairs_1,
          water_boxes_lemuel
D:6:      layout_basic, nicolae_qazlal_style_of_elements,
          mainiacjoe_overflow_brackets, gup_sewer_entry_bowl,
          nicolae_stop_n_shop_2, roderic_lattice_a
D:7:      minmay_the_grid_plus_closed [minmay_the_grid_minigrid_large,
          minmay_the_grid_plusring, minmay_the_grid_doors,
          minmay_the_grid_slots, minmay_the_grid_prize_big_room], layout_basic,
          gammafunk_ghost_grave, uniq_joseph, uniq_maggie, uniq_pikel
D:8:      cheibrodos_elevator_heist, layout_cave_pools, general_overflow_altar,
          mainiacjoe_overflow_alcove_1, mainiacjoe_overflow_chevrons,
          serial_shops, nicolae_shop_waterfront, uniq_erica, uniq_grum,
          uniq_prince_ribbit1
D:9:      layout_loops_corners
D:10:     layout_long_grid, nicolae_ru_great_annihilating_truth
D:11:     layout_roguey, david_lair_generic, orc_0_dummy,
          gammafunk_ghost_stat_death, portal_ice_cave_entry_animals_and_master,
          guppyfry_shop_earth
D:12:     layout_basic
D:13:     layout_stronghold, erik_vaults_1, uniq_lodul
D:14:     layout_rooms, serial_rivers, chequers_serial_rivers_micro_a,
          chequers_serial_rivers_marsh, chequers_serial_rivers_small_b,
          chequers_serial_rivers_micro_d, chequers_serial_rivers_small_3,
          cheibrodos_ashenzari_chains, minmay_stone_trees_small
D:15:     hangedman_depths_entry_try_elsewhere_first, layout_basic,
          enter_trove_6, nicolae_kikubaaqudgha_miasma_corner
Temple:   minmay_temple_curvy_loop
Lair:1:   layout_gridlike
Lair:2:   layout_chaotic_city, spider_nest_entry_a, evilmike_ambush
          [evilmike_ambush_outer_basic, evilmike_ambush_inner_cross],
          infiniplex_staircase_pool_2, serial_bayou_shore_b, lemuel_fruit_tree,
          serial_bayou_shore_b
Lair:3:   layout_regular_city, skrybe_swamp_entry_bodies,
          gauntlet_entry_generic, st_stairs_3, uniq_snorg
Lair:4:   layout_roguey
Lair:5:   layout_cave_pods, infiniplex_staircase_pool, grunt_megastairs_4
Lair:6:   hangedman_lair_in_review, layout_cellular_growth, slime_entry_2,
          nicolae_quartered_pool_little, chequers_serial_rivers_large_a,
          hibernation_bobbens
Swamp:1:  layout_falls_marsh, evilmike_swamp_ruin_house_5, uniq_jorgrun,
          uniq_kirke
Swamp:2:  layout_basic_swamp, evilmike_swamp_ruin_house_2, swamp_pool1,
          hangedman_swamp_cone, nicolae_swamp_catching_bugs
Swamp:3:  layout_basic_swamp, evilmike_swamp_ruin_house_6
Swamp:4:  swamp_basic_johnstein, layout_basic_swamp
Spider:1: layout_spider_delve
Spider:2: layout_spider_delve
Spider:3: layout_cave_pods, uniq_asterion, uniq_arachne
Spider:4: hellmonk_spider_rune_bug_friends, nicolae_spider_rock_and_or_roll,
          uniq_bai_suzhen
Slime:1:  layout_caves
Slime:2:  layout_caves
Slime:3:  layout_caves
Slime:4:  layout_caves
Slime:5
Orc:1:    layout_diamond_mine, serial_shops, nicolae_shop_trees,
          nicolae_orc_bridge_out, guppyfry_library_mini, uniq_fannar
Orc:2:    pf_orc_diabolical, layout_caves
Elf:1:    nicolae_elf_arrival_no_cutting_in_line, layout_loops_cross,
          serial_shops, nicolae_diamond_shop, hangedman_elf_disciples,
          nicolae_shop_dragon_depot, minivault_16, sword_in_stone
Elf:2:    nicolae_elf_blades_splatter_lattice
          [nicolae_vaults_blade_armed_guards], layout_geoelf_octagon,
          gammafunk_ghost_berserking_beasts, nicolae_stop_n_shop_1,
          not_door_vault_due
Elf:3:    minmay_elf_hall_statues, layout_loops_cross, serial_shops,
          nicolae_shop_behind_doors
Vaults:1: v_misc_27, v_misc_18, vaults_standard_mumra_enter_the_diamond,
          nicolae_vaults_three_branches, nicolae_vaults_little_squares_3,
          grunt_vaults_hallway_long, nicolae_vaults_ring_of_whatevers,
          v_pattern_1, hangedman_vaults_slice, vaults_room_hallway,
          nicolae_vaults_specimen_jars, vaults_room_stairs_pillars,
          nicolae_vaults_little_squares_4, layout_vaults_chaotic_city
Vaults:2: hangedman_vaults_hard_town_square, ontoclasm_vaults_ring_large,
          minmay_crypt_entry_necro_gods, v_misc_1, ontoclasm_vaults_pinch,
          hangedman_vaults_variations, v_misc_16, nicolae_vaults_asterisk,
          v_misc_8, nicolae_vaults_little_squares_3,
          nicolae_vaults_network_square, vaults_dpeg_hooks,
          layout_vaults_omnicross
Vaults:3: nicolae_vaults_ninety_degrees, hangedman_vaults_unwind,
          vaults_room_door_ring, nicolae_vaults_big_angled_halls,
          vaults_room_pool, ontoclasm_vaults_decontamination, v_misc_29,
          nicolae_vaults_border_crossing, layout_vaults_quadrants, uniq_zenata
Vaults:4: nicolae_vaults_inception_statues, ontoclasm_vaults_hangar, v_misc_2,
          vaults_room_door_hall, nicolae_vaults_bisected_exclaves,
          nicolae_vaults_stairing_the_circle, ontoclasm_vaults_chip,
          grunt_vaults_funnel, vaults_mumra_chevron, v_misc_15,
          vaults_room_ringed_pool, nicolae_vaults_little_squares_1,
          nicolae_vaults_theta, vaults_room_large_hall,
          nicolae_vaults_little_ls, layout_vaults_omnibox, uniq_sojobo,
          uniq_mennas
Vaults:5: serial_shops
Crypt:1:  layout_gridlike, gammafunk_ghost_cemetery,
          serial_sigils_hangedman_shear, grunt_ministairs_6,
          nicolae_crypt_twisting_catacombs, weyrava_ghost_lake, uniq_aizul
Depths:1: layout_honeycomb, enter_ziggurat_d, grunt_decor_fettered, pan_entry,
          hell_entry, nicolae_dithmenos_the_darkroom
Depths:2: minmay_textured_paths, layout_cave_shapes, pan_entry,
          grunt_hell_horde, serial_glass, glass_columns_a, glass_columns_b,
          glass_columns_b, tgw_trog, infiniplex_staircase_diamond
Depths:3: hangedman_cross_stitches, layout_gridlike, hell_entry,
          pdpol_wu_jian_five_deadly_venoms, abyss_entry_crystal,
          infiniplex_staircase_door_maze, minmay_shoptagon,
          serial_bayou_shore_b, serial_bayou_shore_b, uniq_margery
Depths:4: grunt_zot_entry_bicorn, layout_basic, pf_coc_iceberg,
          chequers_serial_rivers_small_b, minmay_misc_feat_enclosed
Hell
Geh:1:    layout_gehenna_lava_caves
Geh:2:    layout_gehenna_pools_basic
Geh:3:    layout_gehenna_pools_triple
Geh:4:    layout_gehenna_lava_caves
Geh:5:    layout_gehenna_lava_caves, special_room [special_room_morgue]
Geh:6:    layout_gehenna_pools_triple
Geh:7:    geh_grunt_pentagon
Zot:1:    layout_cathedral_of_symmetry, grunt_ministairs_4, uniq_parghit,
          uniq_vv
Zot:2:    layout_cathedral_of_symmetry
Zot:3:    grunt_zot_stairs_faceoff, layout_onion
Zot:4:    layout_gridlike, ebering_ghost_gozag, st_stairs_2, grunt_ministairs_1
Zot:5:    layout_gridlike

Skill      XL: |  1  2  3  4  5  6  7  8  9 10 11 12 13 14 15 16 17 18 19 20 21 22 23 24 25 26 27 |
---------------+----------------------------------------------------------------------------------+-----
Stealth        | 2 11 | 11.6
Dodging        | 3 10 14 15 18 20 | 20.4
Spellcasting   | 3 4 6 7 10 12 13 15 16 17 18 | 18.4
Fighting       | 2 7 10 11 12 13 14 15 16 18 19 | 19.7
Evocations     | 1 3 9 12 26 | 26.8
Unarmed Combat | 6 11 12 16 19 21 22 24 | 24.0
Armour         | 8 |  8.0
Short Blades   | 4 5 |  5.5
Shields        | 9 14 | 14.4

Action                   |  1- 3 |  4- 6 |  7- 9 | 10-12 | 13-15 | 16-18 | 19-21 | 22-24 | 25-27 || total
-------------------------+-------+-------+-------+-------+-------+-------+-------+-------+-------++-------
Melee: Unarmed           |     9 |     7 |       |     4 |       |   260 |   583 |   488 |   179 ||  1530
       Dagger            |       |     4 |    20 |       |       |       |       |       |       ||    24
       Falchion          |       |       |       |    11 |   116 |   139 |   130 |    27 |       ||   423
       Punch             |       |       |       |     1 |     2 |    10 |    64 |    67 |    42 ||   186
       Tailslap          |       |       |       |       |       |    40 |   119 |   106 |    51 ||   316
       Bite              |       |       |       |       |       |    38 |    85 |    87 |    40 ||   250
       Rapier            |       |       |       |       |       |       |       |    38 |    16 ||    54
       Staff             |       |       |       |       |       |       |       |       |    51 ||    51
Throw: Dart              |       |       |       |     3 |     2 |       |       |       |       ||     5
 Cast: Foxfire           |   126 |   164 |   158 |   196 |   783 |   164 |     5 |     2 |     3 ||  1601
       Freeze            |       |    12 |       |    17 |       |     3 |       |       |       ||    32
       Blink             |       |     7 |     1 |     7 |     5 |     1 |       |       |     8 ||    29
       Inner Flame       |       |     3 |     1 |    13 |     4 |     3 |     3 |       |     5 ||    32
       Conjure Flame     |       |     1 |     5 |     4 |     5 |     6 |       |       |     1 ||    22
       Stone Arrow       |       |       |    56 |   193 |   562 |   703 |   168 |    32 |   125 ||  1839
       Flame Wave        |       |       |     1 |       |    31 |       |       |       |       ||    32
       Swiftness         |       |       |     4 |    22 |    11 |     9 |     6 |     2 |     5 ||    59
       Blade Hands       |       |       |       |     1 |     2 |       |       |       |       ||     3
       Scorch            |       |       |       |     5 |       |    14 |       |       |     4 ||    23
       Silence           |       |       |       |       |     2 |       |     1 |       |       ||     3
       Statue Form       |       |       |       |       |     1 |     1 |     2 |       |       ||     4
       Dragon Form       |       |       |       |       |       |    18 |    51 |    50 |    22 ||   141
       Malign Gateway    |       |       |       |       |       |       |    36 |    18 |     3 ||    57
       Enfeeble          |       |       |       |       |       |       |     9 |    82 |    95 ||   186
       Monstrous Menager |       |       |       |       |       |       |       |    23 |    28 ||    51
       Polar Vortex      |       |       |       |       |       |       |       |       |   153 ||   153
       Fire Storm        |       |       |       |       |       |       |       |       |   487 ||   487
Invok: Curse Item        |       |       |       |     3 |     5 |     1 |     1 |       |     3 ||    13
       Shatter the Chain |       |       |       |       |     1 |       |       |     1 |     2 ||     4
 Abil: Breathe Fire      |       |       |       |       |       |     5 |     3 |       |       ||     8
Evoke: Wand              |       |       |     1 |     8 |    18 |     7 |       |       |       ||    34
       Phantom mirror    |       |       |       |     1 |     1 |     2 |     1 |       |     1 ||     6
       Box of beasts     |       |       |       |     1 |     1 |     3 |     1 |       |     1 ||     7
       Lightning rod     |       |       |       |       |       |     4 |       |       |       ||     4
       Condenser vane    |       |       |       |       |       |     1 |     2 |       |       ||     3
  Use: Scroll            |       |     4 |     5 |    11 |     7 |    12 |     4 |     1 |     4 ||    48
       Potion            |       |     4 |       |     4 |       |     1 |     3 |     4 |     7 ||    23
 Stab: Paralysed         |       |       |       |    10 |       |    33 |       |     2 |       ||    45
       Sleeping          |       |       |       |       |     4 |     2 |    11 |     5 |     2 ||    24
       Distracted        |       |       |       |       |       |     1 |     4 |     3 |       ||     8
       Invisible         |       |       |       |       |       |       |     3 |    48 |    16 ||    67
Armor: Skin              |       |     4 |       |       |       |   141 |   134 |   150 |    48 ||   477
       Robe              |       |     6 |       |     2 |    46 |    71 |    44 |    15 |    69 ||   253
       Steam dragon scal |       |       |       |    23 |    19 |       |       |       |       ||    42
Dodge: Dodged            |     4 |    26 |     7 |   115 |   594 |  1171 |   754 |   492 |   641 ||  3804
Block: Other             |       |       |       |       |    98 |   106 |   113 |    95 |    38 ||   450
       Reflection        |       |       |       |       |     2 |     2 |    26 |    10 |    19 ||    59
       Buckler           |       |       |       |       |       |   374 |   149 |    39 |   233 ||   795

Table legend: (Time is in decaauts)
 A = Elapsed time spent in this place.
 B = Non-inter-level travel time spent in this place.
 C = Inter-level travel time spent in this place.
 D = Time resting spent in this place.
 E = Time spent auto-exploring this place.
 F = Levels seen in this place.
 G = Mean time per level.
                   A        B        C        D        E       F      G
               +--------+--------+--------+--------+--------+-----+--------+
         Total | 100465 |  93860 |   6605 |  36838 |  37854 |  65 | 1545.6 |
       Dungeon |  30133 |  28009 |   2124 |  10326 |  14366 |  15 | 2008.9 |
        Temple |    227 |    189 |     38 |      0 |    181 |   1 |  227.0 |
          Lair |  11034 |  10420 |    614 |   3699 |   4752 |   6 | 1839.0 |
         Swamp |   4582 |   4396 |    186 |   1598 |   1515 |   4 | 1145.5 |
   Spider Nest |   7077 |   6767 |    310 |   3345 |   1771 |   4 | 1769.2 |
    Slime Pits |   1075 |    967 |    108 |    104 |    323 |   5 |  215.0 |
  Orcish Mines |   2820 |   2248 |    572 |    146 |   1127 |   2 | 1410.0 |
   Elven Halls |   7634 |   6765 |    869 |   2552 |   2268 |   3 | 2544.7 |
        Vaults |  15181 |  14440 |    741 |   6899 |   5183 |   5 | 3036.2 |
         Crypt |   1053 |    990 |     63 |     44 |    641 |   1 | 1053.0 |
        Depths |   8613 |   8112 |    501 |   4820 |   2122 |   4 | 2153.2 |
          Hell |    611 |    556 |     55 |    125 |    249 |   1 |  611.0 |
       Gehenna |   1430 |   1422 |      8 |    174 |     40 |   7 |  204.3 |
           Zot |   6613 |   6201 |    412 |   1922 |   2354 |   5 | 1322.6 |
         Sewer |   1177 |   1177 |      0 |    297 |    707 |   1 | 1177.0 |
      Gauntlet |   1197 |   1197 |      0 |    786 |    255 |   1 | 1197.0 |
               +--------+--------+--------+--------+--------+-----+--------+

Top non-repeatable levels by time:
Vaults:4: 5166 daAuts
Depths:2: 4381 daAuts
   Elf:2: 4195 daAuts
     D:7: 4113 daAuts
Spider:3: 4083 daAuts
  Lair:6: 3283 daAuts
    D:11: 3237 daAuts
Vaults:2: 3063 daAuts
Vaults:3: 2767 daAuts
  Lair:2: 2648 daAuts
    D:10: 2600 daAuts
Vaults:1: 2486 daAuts
  Lair:3: 2381 daAuts
     D:9: 2311 daAuts
    D:13: 2275 daAuts
